 Dungeon Crawl Stone Soup version 0.28.0-47-ge53b351184 (webtiles) character file.

Game seed: 5885948331386046115

49849 issech the Basher (level 14, 0/121 HPs)
             Began as a Troll Fighter on May 4, 2022.
             Was a Priest of Hepliaklqana.
             Slain by a polar bear (18 damage)
             ... summoned by a spriggan berserker
             ... on level 1 of the Depths.
             The game lasted 01:48:29 (18228 turns).

issech the Basher (Troll Fighter)                  Turns: 18228, Time: 01:48:30

Health: 0/121      AC: 14    Str: 33    XL:     14   Next: 17%
Magic:  11/11      EV: 28    Int:  1    God:    Hepliaklqana [***...]
Gold:   683        SH: 19    Dex: 19    Spells: 13/13 levels left

rFire   + . .      SeeInvis +   U - +1 flail of the Sky {spect, rPois Will++ Str+3 Int-3}
rCold   . . .      Faith    .   e - +1 tower shield {rPois}
rNeg    . . .      Spirit   .   W - +5 robe of Night {Dark Will+ SInv}
rPois   +          Reflect  .   X - +1 hat {Will+}
rElec   +          Harm     .   p - +0 cloak
rCorr   .          Rampage  .   (gloves unavailable)
Will    +++++                   (boots unavailable)
Stlth   +++.......              i - amulet of Ciludada {Acrobat rElec Str+3}
HPRegen 1.10/turn               G - +4 ring of protection
MPRegen 0.12/turn               K - +6 ring of dexterity

@: acrobatic
A: reduced essence, large, unfitting armour, claws 3, regeneration 1, shaggy fur
1, tough skin 1, deformed body, fire resistance 1, low MP 1
a: Renounce Religion, Recall Ancestor, Ancestor Identity, Transference


You were on level 1 of the Depths.
You worshipped Hepliaklqana.
Hepliaklqana was most pleased with you.
You visited 3 branches of the dungeon, and saw 17 of its levels.
You also visited: Ossuary.

You collected 1866 gold pieces.
You spent 1183 gold pieces at shops.

Inventory:

Hand Weapons
 y - a +7 spear
 S - a +3 flail of protection
 U - the +1 flail of the Sky (weapon) {spect, rPois Will++ Str+3 Int-3}
   (You found it on level 7 of the Dungeon)

   When its wielder attacks, the weapon's spirit leaps out and strikes again.
   The spirit shares a part of any damage it takes with its wielder.
   Str:       It affects your strength (+3).
   Int:       It affects your intelligence (-3).
   rPois:     It protects you from poison.
   Will:      It greatly increases your willpower.
Missiles
 h - 570 stones
 l - 76 bolts
 o - 40 poisoned darts
 v - 61 sling bullets
 B - 5 boomerangs
 E - 4 atropa-tipped darts
 J - 309 arrows
 O - 2 throwing nets
 R - 3 boomerangs of dispersal
 T - 36 large rocks (quivered)
 Z - 2 curare-tipped darts
Armour
 e - a +1 tower shield of poison resistance (worn)
 k - +0 swamp dragon scales
 p - a +0 cloak (worn)
 q - +0 acid dragon scales
 A - a +0 troll leather armour
 W - the +5 robe of Night (worn) {Dark Will+ SInv}
   (You found it on level 7 of the Dungeon)

   It shrouds the wearer in darkness, reducing the range at which they can see
   and be seen by others.
   SInv:      It lets you see invisible.
   Will:      It increases your willpower.
 X - a +1 hat of willpower (worn)
Jewellery
 c - a ring of resist corrosion
 i - the amulet of Ciludada (around neck) {Acrobat rElec Str+3}
   (You bought it in a shop on level 11 of the Dungeon)

   [amulet of the acrobat]

   It increases your evasion while moving and waiting.
   Str:       It affects your strength (+3).
   rElec:     It insulates you from electricity.
 u - a ring of positive energy
 C - a ring of willpower
 G - a +4 ring of protection (left claw)
 K - a +6 ring of dexterity (right claw)
 N - a ring of flight
 V - a ring of protection from fire
Wands
 D - a wand of polymorph (19)
 H - a wand of paralysis (7)
 I - a wand of flame (35)
 L - a wand of iceblast (13)
 P - a wand of charming (4)
Scrolls
 b - 5 scrolls of identify
 f - a scroll of fear
 j - 6 scrolls of teleportation
 t - a scroll of magic mapping
 w - 5 scrolls of fog
 z - 4 scrolls of enchant armour
 F - a scroll of summoning
 M - 2 scrolls of blinking
 Y - 3 scrolls of silence
Potions
 a - 2 potions of heal wounds
 d - 3 potions of might
 g - 12 potions of curing
 m - 2 potions of ambrosia
 n - 2 potions of magic
 r - 2 potions of brilliance
 s - 4 potions of resistance
 x - 2 potions of berserk rage


   Skills:
 + Level 7.9 Fighting
 + Level 5.3 Short Blades
 + Level 12.0 Maces & Flails
 + Level 2.0 Throwing
 + Level 5.2 Armour
 + Level 9.6 Dodging
 + Level 3.8 Stealth
 + Level 10.7 Shields


You had 13 spell levels left.
You didn't know any spells.
Your spell library contained the following spells:

 Spells                   Type           Power      Damage    Failure   Level
 Pain                     Necr           0%         1d4       95%         1
 Sandblast                Erth           0%         2d4       95%         1
 Slow                     Hex            0%         N/A       95%         1
 Passwall                 Tmut/Erth      0%         N/A       99%         2
 Static Discharge         Conj/Air       0%         N/A       99%         2
 Confusing Touch          Hex            0%         N/A       100%        3
 Conjure Flame            Conj/Fire      0%         6-21      100%        3
 Ignite Poison            Fire/Tmut/Pois 0%         N/A       100%        3
 Stone Arrow              Conj/Erth      0%         3d7       100%        3
 Vampiric Draining        Necr           0%         2d6       100%        3
 Animate Armour           Summ/Erth      0%         N/A       100%        4
 Fulminant Prism          Conj/Hex       0%         3d6       100%        4
 Iskenderun's Mystic Bla  Conj/Tloc      0%         2d3       100%        4
 Sticky Flame             Conj/Fire      0%         2d3       100%        4
 Agony                    Necr           0%         N/A       100%        5
 Excruciating Wounds      Necr           0%         N/A       100%        5
 Fireball                 Conj/Fire      0%         3d3       100%        5
 Lee's Rapid Deconstruct  Erth           0%         3d5*      100%        5
 Lightning Bolt           Conj/Air       0%         1d11      100%        5
 Starburst                Conj/Fire      0%         6d3       100%        6
 Ignition                 Fire           0%         3d3       100%        8
 Lehudib's Crystal Spear  Conj/Erth      0%         10d2      100%        8
 Maxwell's Capacitive Co  Air            0%         ∞         100%        8


Dungeon Overview and Level Annotations

Branches:
Dungeon (15/15)            Temple (1/1) D:6            Lair (0/6) D:11
    Orc (0/2) D:12         Vaults (0/5) D:13         Depths (1/4) D:15
Ossuary (visited)

Altars:
Ashenzari
Cheibriados
Dithmenos
Elyvilon
Fedhas
Gozag
Hepliaklqana
Kikubaaqudgha
Makhleb
Nemelex Xobeh
Okawaru
Qazlal
Ru
Sif Muna
Trog
Uskayaw
Vehumet
Wu Jian
Xom
Yredelemnul
Zin
The Shining One

Shops:
D:1 (   D:2 *   D:3 *   D:7 (   D:11 =*


Innate Abilities, Weirdness & Mutations

Your life essence is reduced to manifest your ancestor. (-10% HP)
You are too large for most types of armour.
You have claws for hands.
Your natural rate of healing is unusually fast.
You are covered in fur. (AC +1)
You have tough skin. (AC +1)
Armour fits poorly on your strangely shaped body.
Your flesh is heat resistant. (rF+)
Your magical capacity is low. (-10% MP)


Message History

Your +1 flail of the Sky {spect, rPois Will++ Str+3 Int-3} barely misses the spriggan berserker.
The spriggan berserker hits you but does no damage.
The spriggan berserker hits your +1 flail of the Sky {spect, rPois Will++ Str+3 Int-3} with a +0 war axe!
Your spectral weapon shares its damage with you!
The polar bear bites your +1 flail of the Sky {spect, rPois Will++ Str+3 Int-3}.
Your spectral weapon shares its damage with you!
The polar bear misses your +1 flail of the Sky {spect, rPois Will++ Str+3 Int-3}.
The polar bear claws your +1 flail of the Sky {spect, rPois Will++ Str+3 Int-3}.
Your spectral weapon shares its damage with you!
The spriggan berserker closely misses you.
The spriggan berserker barely misses your +1 flail of the Sky {spect, rPois Will++ Str+3 Int-3}.
You hit the spriggan berserker.
The spriggan berserker is moderately wounded.
Your +1 flail of the Sky {spect, rPois Will++ Str+3 Int-3} completely misses the spriggan berserker.
The spriggan berserker hits you with a +0 war axe!!
* * * LOW HITPOINT WARNING * * *
The spriggan berserker hits your +1 flail of the Sky {spect, rPois Will++ Str+3 Int-3} with a +0 war axe!
Your spectral weapon shares its damage with you!
Your +1 flail of the Sky {spect, rPois Will++ Str+3 Int-3} fades away.
* * * LOW HITPOINT WARNING * * *
You block the polar bear's attack. The polar bear barely misses you.
You block the polar bear's attack.
You block the polar bear's attack. x2; The polar bear misses you.
You block the spriggan berserker's attack.
The spriggan berserker hits you with a +0 war axe!!
* * * LOW HITPOINT WARNING * * *
You block the polar bear's attack. x3
The spriggan berserker is no longer regenerating.
The spriggan berserker is no longer strong-willed.
You block the spriggan berserker's attack.
You block the polar bear's attack.
The polar bear claws you but does no damage.
The polar bear misses you.
You block the spriggan berserker's attack.
You block the spriggan berserker's attack.
You block the polar bear's attack. The polar bear completely misses you.
You block the polar bear's attack. The spriggan berserker misses you.
The spriggan berserker barely misses you.
The polar bear bites you!!
You die...

#######
#<....#
#.[...##
#@.......
#ih...###
#.....#
#.....# .
#.....#
..###.....#
..........#
..........#
..........#


You could see a spriggan berserker (berserk) and a polar bear (summoned,
berserk).

Vanquished Creatures
  Gastronok (D:8)
  The ghost of Cruo the Warrior, a journeyman MiCK of Xom (D:12)
  An ettin (D:13)
  A fire dragon (Depths:1)
  A catoblepas (D:14)
  3 boulder beetles
  3 hydras
  The ghost of NinjaNoafa the Protected, a novice MiFi of Trog (D:9)
  3 centaur warriors
  2 tengu warriors
  4 two-headed ogres
  A spriggan berserker (Depths:1)
  A shadow wraith (D:13)
  A deep troll (D:15)
  2 necromancers (D:15)
  A phantasmal warrior (D:13)
  2 deep elf pyromancers
  A wizard (D:15)
  Pikel (D:8)
  4 manticores
  4 cyclopes
  Psyche (D:8)
  3 unseen horrors
  2 kobold demonologists (D:11)
  2 freezing wraiths
  3 efreet
  2 komodo dragons (D:11)
  3 trolls (D:12)
  A queen bee (D:10)
  2 hornets
  15 slime creatures
  5 dream sheep (D:7)
  A wraith (D:14)
  A vampire (D:13)
  2 shadows (D:7)
  2 water elementals (D:15)
  A spriggan (Depths:1)
  A basilisk (D:8)
  20 yaks
  Grum (D:11)
  8 vampire mosquitoes
  3 steam dragons
  5 acid dragons
  An orc warrior (D:12)
  A hornet zombie (D:7)
  2 ice beasts
  A black bear (D:5)
  3 necrophages
  4 ogres
  7 centaurs
  3 wolves
  Blork the orc (D:5)
  6 kobold brigands
  A bullfrog (D:6)
  2 gnoll sergeants
  A scorpion (D:4)
  14 killer bees
  4 wights (D:8)
  An electric eel (D:15)
  5 centaur zombies
  6 orc priests
  A gnoll shaman (D:8)
  6 hounds
  3 jellies
  A centaur skeleton (D:7)
  2 bullfrog skeletons
  Terence (D:2)
  5 orc wizards
  7 mummies (Ossuary)
  19 gnolls
  A howler monkey skeleton (D:7)
  8 adders
  3 ufetubi
  3 dart slugs
  34 orcs
  4 ball pythons
  6 endoplasms
  5 giant cockroaches
  6 goblins
  5 hobgoblins
  3 jackals (D:1)
  17 kobolds
  3 quokkas
  7 bats
  3 frilled lizards
  2 hobgoblin zombies (Ossuary)
  2 kobold zombies (Ossuary)
  3 orc zombies (Ossuary)
  7 rats
353 creatures vanquished.

Vanquished Creatures (collateral kills)
  An ettin (D:15)
  A fire dragon (D:13)
  A great orb of eyes (Depths:1)
  3 boulder beetles
  A centaur warrior (D:15)
  A catoblepas (D:14)
  A flayed ghost (D:13)
  2 cyclopes
  A manticore (D:13)
  A freezing wraith (D:13)
  A tarantella (shapeshifter) (D:13)
  2 slime creatures
  4 water elementals (D:15)
  A yak (D:9)
  2 vampire mosquitoes (D:13)
  A harpy simulacrum (D:14)
  A water moccasin (D:9)
  An orc warrior (D:8)
  2 centaurs
  2 killer bees (D:10)
  2 electric eels (D:15)
  An orc priest (D:9)
  3 orc wizards
  A mummy (Ossuary)
  An ufetubus (D:7)
  4 orcs (D:12)
  A kobold (D:10)
  A kobold zombie (Ossuary)
44 creatures vanquished.

Vanquished Creatures (others)
  12 battlemagi
  5 ancestors
  10 plants
27 creatures vanquished.

Grand Total: 424 creatures vanquished

Notes
Turn   | Place    | Note
-------+----------+-------------------------------------------
     0 | D:1      | issech the Troll Fighter began the quest for the Orb.
     0 | D:1      | Reached XP level 1. HP: 22/22 MP: 0/0
    76 | D:1      | Found Urapp's Weapon Boutique.
   201 | D:1      | Reached XP level 2. HP: 29/29 MP: 1/1
   388 | D:1      | Reached skill level 2 in Maces & Flails
   711 | D:1      | Reached XP level 3. HP: 36/36 MP: 2/2
   916 | D:2      | Found Ahyrun's Assorted Antiques.
   980 | D:2      | Reached XP level 4. HP: 21/44 MP: 1/3
  1055 | D:2      | Noticed Terence
  1063 | D:2      | Killed Terence
  1064 | D:2      | Reached skill level 3 in Maces & Flails
  1140 | D:2      | You fall into a shaft and drop 1 floor!
  1163 | D:3      | Found a faded altar of an unknown god.
  1292 | D:3      | Found Zin's Purification Station.
  1310 | D:3      | Reached skill level 1 in Armour
  1317 | D:3      | Reached XP level 5. HP: 35/52 MP: 4/4
  1332 | D:3      | Found a glowing silver altar of Zin.
  2943 | D:4      | Noticed an ogre
  2967 | D:4      | Killed an ogre
  2968 | D:4      | Reached XP level 6. HP: 60/61 MP: 5/5
  3369 | D:4      | Reached skill level 1 in Short Blades
  3446 | D:4      | Reached skill level 4 in Maces & Flails
  3779 | D:5      | Entered Level 5 of the Dungeon
  3884 | D:5      | Reached XP level 7. HP: 38/67 MP: 6/6
  4162 | D:5      | Noticed Blork the orc
  4172 | D:5      | Killed Blork the orc
  4415 | D:5      | Reached XP level 8. HP: 77/78 MP: 7/7
  4778 | D:6      | Found a staircase to the Ecumenical Temple.
  4824 | Temple   | Entered the Ecumenical Temple
  4940 | Temple   | Became a worshipper of Hepliaklqana the Forgotten
  5477 | D:6      | Reached skill level 5 in Shields
  5688 | D:6      | Reached XP level 9. HP: 84/84 MP: 8/8
  5799 | D:6      | Reached * piety under Hepliaklqana
  6100 | D:7      | Found an opulent altar of Gozag.
  6117 | D:7      | Reached skill level 5 in Dodging
  6206 | D:7      | Noticed a cyclops
  6239 | D:7      | Killed a cyclops
  6328 | D:7      | Identified the +1 flail of the Sky {spect, rPois Will++
                  | Str+3 Int-3}
  6347 | D:7      | Found Teceoc's Antique Weapon Shoppe.
  6481 | D:7      | Found a snail-covered altar of Cheibriados.
  6490 | D:7      | Found a burning altar of Makhleb.
  6599 | D:7      | Reached skill level 5 in Short Blades
  6631 | D:7      | Reached skill level 5 in Fighting
  6631 | D:7      | Reached XP level 10. HP: 65/86 MP: 9/9
  6632 | D:7      | Found the +5 robe of Night {Dark Will+ SInv}
  7015 | D:8      | Found a sand-covered staircase.
  7028 | Ossuary  | Entered an ossuary
  7260 | D:8      | Reached skill level 5 in Armour
  7405 | D:8      | Noticed Gastronok
  7416 | D:8      | Killed Gastronok
  7417 | D:8      | Reached skill level 5 in Maces & Flails
  7417 | D:8      | Reached skill level 1 in Stealth
  7623 | D:8      | Reached skill level 6 in Maces & Flails
  7696 | D:8      | Reached ** piety under Hepliaklqana
  7769 | D:8      | Noticed Psyche
  7777 | D:8      | Killed Psyche
  8005 | D:8      | Noticed Pikel
  8017 | D:8      | Killed Pikel
  8018 | D:8      | Reached skill level 7 in Maces & Flails
  8277 | D:8      | Identified a scroll of acquirement
  8443 | D:9      | HP: 2/86 [orc priest/divine providence (12)]
  8567 | D:9      | Found a runed translucent gate.
  8568 | D:9      | Found a runed translucent gate.
  8569 | D:9      | Found a runed translucent gate.
  8602 | D:8      | Acquired 671 gold pieces
  8696 | D:9      | Reached XP level 11. HP: 82/93 MP: 10/10
  9396 | D:9      | Noticed NinjaNoafa's ghost (novice MiFi)
  9409 | D:9      | Killed NinjaNoafa's ghost
  9410 | D:9      | Reached skill level 8 in Maces & Flails
  9514 | D:10     | Entered Level 10 of the Dungeon
  9522 | D:10     | Noticed a two-headed ogre
  9526 | D:10     | Noticed a two-headed ogre
  9529 | D:10     | Killed a two-headed ogre
  9536 | D:10     | Killed a two-headed ogre
  9793 | D:10     | Reached skill level 1 in Throwing
 10511 | D:11     | Found Dustrywn's Jewellery Shop.
 10562 | D:11     | Noticed a two-headed ogre
 10575 | D:11     | Killed a two-headed ogre
 10849 | D:2      | Bought a scroll labelled IMOMOA XITIYS for 30 gold pieces
 10849 | D:2      | Bought a scroll of identify for 60 gold pieces
 11036 | D:11     | Bought the amulet of Ciludada {Acrobat rElec Str+3} for 653
                  | gold pieces
 11157 | D:11     | Noticed a sixfirhy
 11167 | D:11     | Reached skill level 9 in Maces & Flails
 11235 | D:11     | Noticed Grum
 11249 | D:11     | Killed Grum
 11372 | D:11     | Reached XP level 12. HP: 103/103 MP: 11/11
 11493 | D:11     | Found Niontir's Assorted Antiques.
 11500 | D:11     | Bought a scroll labelled JUIMURPHAEKK for 30 gold pieces
 11500 | D:11     | Bought a glowing cabochon ring for 150 gold pieces
 11733 | D:11     | Noticed a boulder beetle
 11750 | D:11     | Killed a boulder beetle
 11865 | D:11     | Found a staircase to the Lair.
 11944 | D:11     | Reached *** piety under Hepliaklqana
 12236 | D:12     | Noticed a boulder beetle
 12258 | D:12     | Killed a boulder beetle
 12282 | D:12     | Found a staircase to the Orcish Mines.
 12458 | D:12     | Acquired a +1 tower shield of poison resistance
 12557 | D:12     | Reached skill level 10 in Maces & Flails
 12903 | D:12     | Found a transporter.
 12957 | D:12     | Noticed a seven-headed hydra
 12964 | D:12     | Killed a seven-headed hydra
 13201 | D:11     | Bought a ring of resist corrosion for 260 gold pieces
 13242 | D:12     | Found a transporter.
 13541 | D:12     | Remembered your ancestor Kateb as a battlemage
 13728 | D:13     | Noticed a fire dragon
 13730 | D:13     | Noticed a boulder beetle
 13833 | D:13     | Killed a boulder beetle
 13908 | D:13     | Killed a fire dragon
 13979 | D:13     | Found a runed translucent gate.
 13983 | D:13     | Found a runed translucent gate.
 13985 | D:13     | Found a runed translucent gate.
 14071 | D:13     | Noticed a two-headed ogre
 14079 | D:13     | Killed a two-headed ogre
 14080 | D:13     | Reached XP level 13. HP: 83/111 MP: 12/12
 14112 | D:13     | Noticed Cruo's ghost (journeyman MiCK)
 14164 | D:12     | Killed Cruo's ghost
 14165 | D:12     | Reached skill level 11 in Maces & Flails
 15239 | D:13     | Noticed an ettin
 15245 | D:13     | Killed an ettin
 15442 | D:13     | Found a gate to the Vaults.
 15970 | D:14     | Found a gate leading to a gauntlet.
 15980 | D:14     | Gained mutation: Armour fits poorly on your strangely
                  | shaped body. [potion of mutation]
 15980 | D:14     | Gained mutation: Your magical capacity is low. (-10% MP)
                  | [potion of mutation]
 15980 | D:14     | Gained mutation: Your flesh is heat resistant. (rF+)
                  | [potion of mutation]
 15996 | D:14     | Lost intelligence.
 16777 | D:14     | Found a glowing golden altar of the Shining One.
 16804 | D:15     | Entered Level 15 of the Dungeon
 16933 | D:15     | Reached skill level 10 in Shields
 17458 | D:15     | Noticed an ettin
 17465 | D:15     | Killed an ettin
 17519 | D:15     | Reached XP level 14. HP: 97/121 MP: 11/11
 17786 | D:15     | Found a staircase to the Depths.
 18099 | Depths:1 | Entered Level 1 of the Depths
 18106 | Depths:1 | Noticed a frost giant
 18110 | Depths:1 | Reached skill level 12 in Maces & Flails
 18228 | Depths:1 | Slain by a polar bear

Illustrated notes

Levels and vault maps discovered:
D:1:      dpeg_arrival_long_road, layout_basic, serial_shops,
          nicolae_shop_bloodbath_and_beyond
D:2:      kennysheep_big_flooded_room, layout_loops_corners, serial_shops,
          shop_fountains, minmay_puff, uniq_terence
D:3:      layout_loops_ring, zin_purify, hellmonk_ecumenical_altar_crossroads,
          hangedman_abyss_or_decor_lesser_grid, corexii_hall_statues_i
D:4:      cheibrodos_quashed, layout_loops_ring
D:5:      layout_loops_corners, uniq_blork_the_orc
D:6:      minmay_skewed_foursquare, layout_cave_pods,
          minmay_temple_entry_stoned_glass
D:7:      minmay_spotlight, layout_rooms, grunt_gozag_statues,
          mainiacjoe_overflow_catwalk_spiral, serial_shops,
          nicolae_shop_crystal, amethyst_killhole, kennysheep_decorative_pillar,
          hellmonk_guarded_unrand_night
D:8:      layout_loops_ring, nicolae_ossuary_entry_plus, uniq_psyche,
          uniq_pikel, uniq_gastronok
D:9:      layout_basic, ebering_ghost_rock_garden, grunt_ministairs_8
D:10:     layout_roguey, special_room [special_room_bee], hex_large,
          grunt_decor_clamped
D:11:     layout_roguey, david_lair_shrubbed, serial_shops,
          nicolae_shop_crystal, nicolae_shop_statue_plus, uniq_grum
D:12:     gammafunk_cloud_chamber, layout_small_grid
D:13:     layout_basic, david_vaults_4, gammafunk_ghost_spectres
D:14:     layout_rooms, gauntlet_entry_generic, tso_altar
D:15:     hangedman_depths_entry_civil_slaughter, layout_basic,
          serial_bayou_shore_b
Temple:   compressed_dpeg_circular_temple
Depths:1: minmay_the_grid_octo_tiled_squarecenter [minmay_the_grid_octo_teeth,
          minmay_the_grid_octo_clover_2, minmay_the_grid_octo_shrine,
          minmay_the_grid_octo_thin_diamonds,
          minmay_the_grid_square_5x5_megaprize_diamond,
          minmay_the_grid_square_5x5_fat_x,
          minmay_the_grid_square_5x5_inverted_slash,
          minmay_the_grid_square_5x5_six_small,
          minmay_the_grid_square_5x5_inner_v], layout_basic, enter_ziggurat_e,
          serial_shops, nicolae_shop_hallway_stairs, hell_entry, abyss_entry,
          trog_three_pillars_becter, kennysheep_another_room,
          minmay_misc_feat_pillars, nicolae_shop_unique_rings,
          lemuel_old_faithful

Skill      XL: |  1  2  3  4  5  6  7  8  9 10 11 12 13 14 |
---------------+-------------------------------------------+-----
Maces & Flails | 2 3 4 7 9 10 11 12 | 12.0
Dodging        | 3 4 5 6 7 8 9 |  9.6
Armour         | 1 2 3 4 5 |  5.2
Shields        | 3 4 5 6 7 9 10 | 10.7
Fighting       | 3 4 5 6 7 |  7.9
Short Blades   | 1 2 3 5 |  5.3
Stealth        | 1 2 3 |  3.8
Throwing       | 1 2 |  2.0

Action                   |  1- 3 |  4- 6 |  7- 9 | 10-12 | 13-15 || total
-------------------------+-------+-------+-------+-------+-------++-------
Melee: Flail             |   111 |    79 |    25 |   580 |   299 ||  1094
       Dagger            |       |   108 |   336 |       |       ||   444
Throw: Stone             |       |     1 |       |       |       ||     1
       Large rock        |       |       |       |    13 |     8 ||    21
Invok: Ancestor Life: Ba |       |       |       |     1 |       ||     1
  Use: Scroll            |       |       |       |    26 |     2 ||    28
       Potion            |       |       |       |     2 |     3 ||     5
 Stab: Distracted        |       |       |       |     8 |     9 ||    17
       Sleeping          |       |       |       |     3 |       ||     3
Armor: Robe              |    25 |       |       |   188 |    97 ||   310
       Swamp dragon scal |    39 |   112 |   173 |       |       ||   324
       Skin              |       |       |       |       |     3 ||     3
       Acid dragon scale |       |       |       |       |     1 ||     1
Dodge: Dodged            |    64 |   100 |   132 |   282 |   148 ||   726
Block: Kite shield       |    35 |    94 |   154 |   260 |       ||   543
       Tower shield      |       |       |       |   123 |   349 ||   472
